 Dungeon Crawl Stone Soup version 0.18-a0-1774-gce1f7b6 (webtiles) character file.

124682 Moloch the Brawler (level 16, -2/137 HPs)
             Began as a Pale Draconian Fighter on Apr 15, 2016.
             Was the Champion of Okawaru.
             Killed by the raging water
             ... invoked by a water nymph
              (26 damage)
             ... on level 1 of the Shoals.
             The game lasted 01:45:03 (33238 turns).

Moloch the Brawler (Pale Draconian Fighter)        Turns: 33238, Time: 01:45:04

Health: -2/137     AC: 17    Str: 21      XL:     16   Next: 39%
Magic:  20/20      EV: 29    Int:  9      God:    Okawaru [******]
Gold:   1861       SH:  5    Dex: 23 (25) Spells: 3 memorised, 7 levels left

rFire  . . .     SeeInvis .       - Unarmed
rCold  + . .     Gourm    .     (armour unavailable)
rNeg   . . .     Faith    +     J - -1 buckler "Nionom" {rElec Dex+5}
rPois  +         Spirit   .     C - +1 hat
rElec  +         Dismiss  .     G - +0 cloak {MR+}
rCorr  .         Reflect  .     Q - +1 pair of gloves {Dex+3}
SustAt .         Harm     .     K - +0 pair of boots {Fly}
MR     +++++                    y - amulet of faith
Stlth  ++........               X - ring "Zutarawi" {rPois AC+3}
                                n - ring of protection from cold

@: flying, almost entirely resistant to hostile enchantments, unstealthy
A: breathe steam, unfitting armour, fangs 1, talons 2, agile 1, deterioration 1,
magic resistance 3, wild magic 1, cold-blooded, AC +9
a: Breathe Steam, Heroism, Finesse, Renounce Religion, Stop Flying


You were on level 1 of the Shoals.
You worshipped Okawaru.
Okawaru was exalted by your worship.
You were not hungry.

You visited 6 branches of the dungeon, and saw 28 of its levels.
You also visited: Sewer, Ice Cave and Volcano.

You collected 2503 gold pieces.
You spent 642 gold pieces at shops.

Inventory:

Missiles
 z - 4 poisoned javelins (quivered)
 S - 2 throwing nets
 U - 6 javelins
Armour
 C - a +1 hat (worn)
 G - a +0 cloak of magic resistance (worn)
 J - the -1 buckler "Nionom" (worn) {rElec Dex+5}
   (You found it on level 7 of the Dungeon)

   It affects your dexterity (+5).
   It insulates you from electricity.
 K - a +0 pair of boots of flying (worn)
 Q - a +1 pair of gloves of dexterity (worn)
Rods
 V - a +3 lightning rod (9/9)
   (You found it on level 8 of the Lair of Beasts)
Jewellery
 a - a +3 amulet of reflection {unknown}
 j - an uncursed ring of protection from magic
 n - a ring of protection from cold (left hand)
 y - an amulet of faith (around neck)
 E - an uncursed ring of see invisible
 X - the ring "Zutarawi" (right hand) {rPois AC+3}
   (You found it on level 8 of the Lair of Beasts)

   [ring of protection]

   It affects your AC (+3).
   It protects you from poison.
Wands
 Y - a wand of disintegration (13/24)
Scrolls
 d - a scroll of enchant armour
 i - 4 scrolls of fog
 k - 5 scrolls of identify
 l - 4 scrolls of magic mapping
 q - 7 scrolls of teleportation
 r - 14 scrolls of remove curse
 w - 2 scrolls of silence {unknown}
 x - 4 scrolls of blinking {unknown}
 A - 3 scrolls of fear {unknown}
 H - 7 scrolls of recharging
 N - 6 scrolls of amnesia {unknown}
Potions
 b - 5 potions of might
 e - 6 potions of brilliance
 m - a potion of invisibility
 o - 12 potions of curing
 s - 4 potions of heal wounds
 t - a potion of lignification
 u - 2 potions of berserk rage
 v - 5 potions of flight
 D - 3 potions of ambrosia
 O - 2 potions of resistance
 P - a potion of haste
 T - a potion of magic
 Z - 2 potions of cure mutation
Books
 f - a book of Enchantments

   Spells                             Type                      Level
   a - Cause Fear                     Hexes                        4
   b - Yara's Violent Unravelling     Hexes/Transmutation          5
   c - Silence                        Hexes/Air                    5
   d - Deflect Missiles               Charms/Air                   6
   e - Haste                          Charms                       6
   f - Discord                        Hexes                        8
 p - a book of Death

   Spells                             Type                      Level
   a - Corpse Rot                     Necromancy                   2
   b - Sublimation of Blood           Necromancy                   2
   c - Agony                          Necromancy                   5
   d - Dispel Undead                  Necromancy                   5
   e - Excruciating Wounds            Charms/Necromancy            5
   f - Bolt of Draining               Conjuration/Necromancy       5
Miscellaneous
 M - an ornate deck of summoning {the Pentagram}
Comestibles
 c - 18 bread rations
 g - 6 meat rations
 h - a chunk of flesh
 B - 23 fruits
 F - 8 slices of pizza
 I - 14 royal jellies
 W - 19 beef jerkies


   Skills:
 - Level 11.0 Fighting
 - Level 15.8 Dodging
 - Level 4.0 Shields
 - Level 19.9 Unarmed Combat
 * Level 3.2 Spellcasting
 + Level 1.0 Charms
 * Level 4.4 Air Magic


You had 7 spell levels left.
You knew the following spells:

 Your Spells              Type           Power        Failure   Level  Hunger
a - Blink                 Tloc           N/A          61%         2    ###....
b - Deflect Missiles      Chrm/Air       #.........   100%        6    #######
c - Haste                 Chrm           #.......     100%        6    #######


Dungeon Overview and Level Annotations

Branches:
Dungeon (15/15)            Temple (1/1) D:5            Lair (8/8) D:8
 Shoals (1/4) Lair:6       Spider (0/4) Lair:4        Slime (0/6) Lair:8
    Orc (2/2) D:12            Elf (0/3) Orc:2        Vaults (0/5) D:14
 Depths (1/5) D:15

Altars:
Ashenzari
Cheibriados
Dithmenos
Elyvilon
Fedhas
Gozag
Kikubaaqudgha
Makhleb
Nemelex Xobeh
Okawaru
Pakellas
Qazlal
Ru
Sif Muna
Trog
Vehumet
Xom
Yredelemnul
Zin
The Shining One

Shops:
D:7 *?:=   D:10 *   Orc:2 (=*[   Shoals:1 =

Annotations:
D:9 Maurice


Innate Abilities, Weirdness & Mutations

You can breathe blasts of scalding, opaque steam.
Your pale cyan-grey scales are hard (AC +9).
Your body does not fit into most forms of armour.
You are cold-blooded and may be slowed by cold attacks.
You have very sharp teeth.
You have razor-sharp toenails.
You are agile. (Dex +2)
Your body sometimes deteriorates upon taking damage.
You are extremely resistant to the effects of hostile enchantments.
Your spells are a little harder to cast, but a little more powerful.


Message History

The manticore completely misses you. The manticore misses you.
The manticore barely misses you.
You pulverise the manticore!!!
You kill the manticore!
Okawaru accepts your kill.
Things that are here:
a rapier of venom; a runed robe; a merfolk corpse You butcher the merfolk corpse.
A water nymph comes into view.
Things that are here:
a rapier of venom; a runed robe; 3 chunks of flesh You feel like a meek peon again.
The water nymph points at you and mumbles some strange words.
The water rises up and strikes you!
* * * LOW HITPOINT WARNING * * *
Your body deteriorates!
You feel clumsy.
The water nymph flows with the water.
The water nymph gestures at you while chanting.
The water rises up and strikes you!
You die...

..........##....≈≈≈≈≈≈≈≈≈≈≈≈≈
..........##......≈≈≈≈≈≈≈≈≈≈≈
...........#.....(≈≈≈≈≈≈≈≈≈≈≈
≈.≈≈≈......###....≈≈≈≈≈≈≈≈≈≈≈
≈≈≈≈≈≈....## #..##..≈≈≈≈≈≈≈≈≈
≈≈≈≈≈≈≈..#########..≈≈≈≈≈≈...
..≈≈......##.......≈≈≈≈≈≈....
.....###.≈.........≈≈≈≈∩≈....
..... .≈≈....≈@≈≈≈≈≈≈≈≈≈...
≈≈≈≈≈.≈≈m≈≈≈≈≈≈≈≈....
≈≈≈≈≈≈≈≈)≈≈≈≈≈≈≈.....
≈≈≈≈≈≈≈≈≈≈≈≈≈≈≈≈.....
≈≈≈≈≈≈≈≈≈≈≈≈≈≈≈≈≈....
≈≈≈≈≈≈≈≈≈≈≈≈≈≈≈≈≈....
≈≈≈≈≈≈≈≈≈≈≈≈≈≈≈≈≈≈≈≈
≈≈≈≈≈≈≈≈≈≈≈≈≈≈≈≈≈≈≈
≈≈≈≈≈≈≈≈≈≈≈≈≈≈≈≈≈


You could see a water nymph.

Vanquished Creatures
  Rupert (Lair:5)
  A kraken (Shoals:1)
  Kirke (Lair:8)
  A frost giant (IceCv)
  Louise (Shoals:1)
  An orc warlord (Orc:1)
  The ghost of skk the Peltast, a journeyman DsFi of Okawaru (Lair:6)
  A stone giant (Orc:2)
  The ghost of AmuletOfHam the Severer, a journeyman MiBe of Trog (D:14)
  Azrael (D:13)
  Snorg (Orc:2)
  A fire dragon (Lair:8)
  The ghost of Gruesome the Martial Artist, a journeyman DsMo of Cheibriados (D:14)
  A merfolk impaler (Shoals:1)
  Josephine (D:13)
  A yaktaur captain (D:14)
  2 ice dragons (D:15)
  9 hydras
  Harold (D:10)
  An ogre mage (D:15)
  A catoblepas (Lair:7)
  3 centaur warriors (D:13)
  The ghost of M4edhros the Covert, a journeyman OpAr of Fedhas (D:11)
  A death knight (D:14)
  A merfolk aquamancer (Shoals:1)
  6 death yaks
  2 tengu warriors
  2 orc high priests
  Urug (Orc:1)
  Sonja (D:10)
  Nergalle (Lair:3)
  A sea snake (Shoals:1)
  3 unseen horrors
  2 lindwurms
  2 fauns (Shoals:1)
  6 orc sorcerers
  A hill giant (D:12)
  4 orc knights
  A wolf spider (D:15)
  2 ugly things
  A griffon (Shoals:1)
  3 cyclopes
  4 manticores
  2 sirens
  2 black mambas
  An ice statue (IceCv)
  3 molten gargoyles (Volcano)
  2 gargoyles
  3 rime drakes
  12 spiny frogs
  A redback zombie (D:15)
  2 torpor snails
  2 yaktaurs (D:14)
  6 komodo dragons
  3 freezing wraiths
  23 polar bears
  A tengu conjurer (D:14)
  2 queen bees
  7 trolls
  2 merfolk (Lair:6)
  A merfolk (shapeshifter) (D:15)
  A two-headed ogre (D:15)
  Prince Ribbit (D:5)
  4 raiju (Lair:8)
  25 blink frogs
  3 slime creatures (Lair:8)
  A centaur simulacrum (D:13)
  A spriggan (D:9)
  3 water elementals (Shoals:1)
  A fire elemental (D:13)
  4 hogs (Lair:8)
  92 yaks
  9 basilisks
  6 wraiths
  2 wyverns
  12 hippogriffs
  4 hungry ghosts
  4 steam dragons
  4 mottled dragons
  Edmund (D:6)
  10 wargs
  2 soldier ants
  14 water moccasins
  2 swamp drakes (Lair:8)
  8 porcupines
  9 hell hounds
  11 ice beasts
  41 orc warriors
  5 sky beasts
  16 black bears
  A wasp (Lair:3)
  15 ogres
  7 phantoms
  A necrophage (D:8)
  3 boggarts (D:14)
  39 wolves
  9 centaurs
  20 crocodiles
  5 big kobolds
  13 giant frogs
  A wyvern zombie (D:8)
  A wyvern skeleton (D:10)
  2 scorpions
  A troll zombie (D:12)
  51 killer bees
  8 wights
  3 howler monkeys
  3 electric eels
  3 centaur zombies
  11 crimson imps
  2 giant frog zombies
  17 hounds
  37 orc wizards
  26 orc priests
  4 centaur skeletons
  4 jellies
  2 giant frog skeletons
  9 iguanas
  8 worker ants
  4 sheep (D:13)
  5 ogre zombies (D:12)
  2 hound zombies
  Robin (D:2)
  A worker ant zombie (D:9)
  6 gnolls
  17 adders
  69 river rats
  4 shadow imps
  A white imp (D:6)
  9 oozes
  2 adder zombies
  7 worms
  3 dart slugs
  4 giant geckos
  95 orcs
  9 bats
  5 giant cockroaches
  12 hobgoblins
  18 jackals
  2 quokkas
  A ball python (Sewer)
  8 giant newts
  12 goblins
  A goblin skeleton (D:12)
  3 goblin zombies (D:12)
  2 hobgoblin skeletons (D:12)
  2 hobgoblin zombies (D:12)
  19 kobolds
  2 orc skeletons (D:12)
  9 orc zombies (D:12)
  3 quokka skeletons
  A quokka zombie (D:6)
  15 rats
  A bush (Lair:3)
  A fungus (D:8)
  18 plants
  4 tentacles (Shoals:1)
1134 creatures vanquished.

Vanquished Creatures (collateral kills)
  An orc (Orc:2)
1 creature vanquished.

Vanquished Creatures (others)
  A human (Lair:8)
  A water moccasin (Lair:8)
  An orc (D:4)
  A goblin (D:2)
  18 fungi
  28 plants
  4 tentacles (Shoals:1)
  179 tentacle segments (Shoals:1)
233 creatures vanquished.

Grand Total: 1368 creatures vanquished

Notes
Turn   | Place    | Note
--------------------------------------------------------------
     0 | D:1      | Moloch the Draconian Fighter began the quest for the Orb.
     0 | D:1      | Reached XP level 1. HP: 19/19 MP: 1/1
    77 | D:1      | Reached XP level 2. HP: 26/26 MP: 2/2
    96 | D:1      | Reached skill level 3 in Unarmed Combat
   665 | D:1      | Reached XP level 3. HP: 31/31 MP: 3/3
  1054 | D:2      | Reached skill level 4 in Unarmed Combat
  1329 | D:2      | Found an ancient bone altar of Kikubaaqudgha.
  1410 | D:2      | Reached XP level 4. HP: 38/38 MP: 4/4
  1654 | D:2      | Noticed Robin
  1663 | D:2      | Killed Robin
  1930 | D:3      | Found a glowing drain.
  1965 | Sewer    | Entered a sewer
  1992 | Sewer    | Reached skill level 5 in Unarmed Combat
  2214 | Sewer    | Reached XP level 5. HP: 45/45 MP: 5/5
  2502 | Sewer    | Reached skill level 6 in Unarmed Combat
  2587 | Sewer    | Reached XP level 6. HP: 47/51 MP: 6/6
  2651 | Sewer    | Reached skill level 7 in Unarmed Combat
  3475 | D:2      | Your scales start taking on a pale cyan-grey colour.
  3475 | D:2      | Reached XP level 7. HP: 57/57 MP: 7/7
  3495 | D:3      | Reached skill level 8 in Unarmed Combat
  3868 | D:4      | Found a radiant altar of Vehumet.
  4065 | D:4      | Reached skill level 9 in Unarmed Combat
  4217 | D:5      | Entered Level 5 of the Dungeon
  4217 | D:5      | Noticed Prince Ribbit
  4492 | D:5      | Reached XP level 8. HP: 57/63 MP: 8/8
  4568 | D:5      | Killed Prince Ribbit
  4568 | D:5      | Reached skill level 10 in Unarmed Combat
  4590 | D:5      | Found a shattered altar of Ashenzari.
  4596 | D:5      | Found an oddly glowing altar of Pakellas.
  4599 | D:5      | Found a stormy altar of Qazlal.
  4805 | D:5      | Found a staircase to the Ecumenical Temple.
  4912 | Temple   | Entered the Ecumenical Temple
  4961 | Temple   | Became a worshipper of Warmaster Okawaru
  5422 | D:6      | Reached skill level 11 in Unarmed Combat
  5447 | D:6      | Noticed Edmund
  5469 | D:6      | Killed Edmund
  5496 | D:6      | Reached * piety under Okawaru
  5801 | D:6      | Reached XP level 9. HP: 41/70 MP: 6/9
  5827 | D:6      | Reached skill level 12 in Unarmed Combat
  6088 | D:6      | Gained mutation: You have sharp toenails. [mutagenic meat]
  6089 | D:6      | Gained mutation: You are resistant to hostile enchantments. [mutagenic meat]
  6090 | D:6      | Gained mutation: You are weak. (Str -2) [mutagenic meat]
  6091 | D:6      | Gained mutation: You are highly resistant to hostile enchantments. [mutagenic meat]
  6092 | D:6      | Gained mutation: You are agile. (Dex +2) [mutagenic meat]
  6093 | D:6      | Gained mutation: Scrolls take you a little longer to read. [mutagenic meat]
  6285 | D:6      | Found a glowing silver altar of Zin.
  6296 | D:6      | Found a basalt altar of Yredelemnul.
  6486 | D:6      | Found a glowing golden altar of the Shining One.
  6558 | D:6      | Reached ** piety under Okawaru
  6607 | D:7      | Found Jyll's Book Shop.
  6733 | D:7      | Got a heavily runed buckler
  6744 | D:7      | Identified the cursed -1 buckler "Nionom" {rElec Dex+5} (You found it on level 7 of the Dungeon)
  6772 | D:7      | Found Peniy's Jewellery Shop.
  7054 | D:7      | Reached skill level 13 in Unarmed Combat
  7103 | D:7      | Found Oplall's General Store.
  7392 | D:7      | Found Houd's Magic Scroll Emporium.
  7400 | D:7      | Bought a scroll of teleportation for 36 gold pieces
  7400 | D:7      | Bought a scroll of identify for 24 gold pieces
  8025 | D:8      | Reached *** piety under Okawaru
  8048 | D:8      | Found a staircase to the Lair.
  8336 | D:8      | Reached XP level 10. HP: 78/78 MP: 10/10
  8680 | D:9      | Noticed Maurice
  9425 | D:9      | Reached **** piety under Okawaru
  9425 | D:9      | Reached skill level 5 in Dodging
  9613 | D:10     | Entered Level 10 of the Dungeon
  9681 | D:10     | Noticed Sonja
  9691 | D:10     | Killed Sonja
  9868 | D:10     | Reached skill level 14 in Unarmed Combat
 10167 | D:10     | Reached skill level 5 in Fighting
 10449 | D:10     | Found Qenn's Assorted Antiques.
 10547 | D:10     | Noticed Harold
 10643 | D:8      | Lost mutation: You are weak. (Str -2) [mutagenic meat]
 10644 | D:8      | Gained mutation: You have very sharp teeth. [mutagenic meat]
 10658 | Lair:1   | Entered Level 1 of the Lair of Beasts
 10660 | Lair:1   | Noticed a seven-headed hydra
 10878 | Lair:1   | Killed a seven-headed hydra
 10878 | Lair:1   | Received a gift from Okawaru
 10882 | D:8      | Reached XP level 11. HP: 29/88 MP: 8/11
 10904 | D:8      | Reached ***** piety under Okawaru
 11255 | Lair:1   | Received a gift from Okawaru
 12133 | Lair:1   | Noticed a seven-headed hydra
 12148 | Lair:1   | Killed a seven-headed hydra
 12148 | Lair:1   | Received a gift from Okawaru
 12148 | Lair:1   | Reached skill level 15 in Unarmed Combat
 12666 | Lair:2   | Found a dark tunnel.
 12666 | Lair:2   | Noticed a lindwurm
 12704 | Lair:2   | Killed a lindwurm
 12742 | Volcano  | Entered a volcano
 12860 | Volcano  | Noticed a lindwurm
 12883 | Volcano  | Killed a lindwurm
 13701 | Lair:2   | Reached XP level 12. HP: 97/97 MP: 12/12
 14030 | Lair:2   | Noticed a four-headed hydra
 14046 | Lair:2   | Killed a four-headed hydra
 14435 | Lair:2   | Noticed a five-headed hydra
 14447 | Lair:2   | Killed a five-headed hydra
 14585 | Lair:3   | Reached skill level 16 in Unarmed Combat
 14616 | Lair:3   | Reached skill level 10 in Dodging
 15140 | Lair:3   | Noticed a four-headed hydra
 15164 | Lair:3   | Killed a four-headed hydra
 15164 | Lair:3   | Received a gift from Okawaru
 15410 | Lair:3   | Noticed Nergalle
 15442 | Lair:3   | Killed Nergalle
 16270 | Lair:4   | Found a hole to the Spider Nest.
 16810 | Lair:5   | Noticed a death yak
 16829 | Lair:5   | Killed a death yak
 16829 | Lair:5   | Reached ****** piety under Okawaru
 16829 | Lair:5   | Received a gift from Okawaru
 16859 | Lair:5   | Identified Ciunayj's Volume of Dusty Fire
 16881 | Lair:5   | Noticed a death yak
 16881 | Lair:5   | Noticed a death yak
 16904 | Lair:5   | Killed a death yak
 16904 | Lair:5   | Reached XP level 13. HP: 91/107 MP: 13/13
 17268 | Lair:5   | Noticed Rupert
 17280 | Lair:5   | Killed Rupert
 17719 | Lair:6   | Reached skill level 17 in Unarmed Combat
 18073 | Lair:6   | Noticed skk's ghost (journeyman DsFi)
 18510 | Lair:6   | Killed skk's ghost
 18763 | Lair:6   | Received a gift from Okawaru
 18766 | Lair:6   | Got a pair of distressingly furry boots {god gift}
 18772 | Lair:6   | Identified the +1 pair of boots "Taherhukk" {rF+ rCorr Dex-4} (Okawaru gifted it to you on level 6 of the Lair of Beasts)
 18876 | Lair:6   | Found a staircase to the Shoals.
 19147 | Lair:6   | Found a basalt altar of Yredelemnul.
 20205 | Lair:8   | Entered Level 8 of the Lair of Beasts
 20648 | Lair:8   | Reached XP level 14. HP: 115/118 MP: 14/14
 21214 | Lair:8   | Received a gift from Okawaru
 21277 | Lair:8   | Found a staircase to the Slime Pits.
 21480 | Lair:8   | Noticed Kirke
 21495 | Lair:8   | Killed Kirke
 21495 | Lair:8   | Reached skill level 18 in Unarmed Combat
 21908 | Lair:8   | Got an ancient turquoise ring
 22123 | Lair:8   | Identified the ring "Zutarawi" {rPois AC+3} (You found it on level 8 of the Lair of Beasts)
 22767 | D:10     | Killed Harold
 22767 | D:10     | Received a gift from Okawaru
 23133 | D:11     | Found a frozen archway.
 23174 | IceCv    | Entered an ice cave
 23271 | IceCv    | Gained mutation: Your body sometimes deteriorates upon taking damage. [potion of mutation]
 23665 | IceCv    | Learned a level 2 spell: Blink
 23918 | IceCv    | Noticed a frost giant
 24100 | IceCv    | Killed a frost giant
 24432 | D:11     | Lost mutation: Scrolls take you a little longer to read. [mutagenic meat]
 24433 | D:11     | Gained mutation: Your spells are a little harder to cast, but a little more powerful. [mutagenic meat]
 24491 | D:11     | Noticed M4edhros's ghost (journeyman OpAr)
 24498 | D:11     | Killed M4edhros's ghost
 24498 | D:11     | Received a gift from Okawaru
 25109 | D:12     | Reached XP level 15. HP: 81/126 MP: 15/15
 25413 | D:12     | Found a staircase to the Orcish Mines.
 25975 | D:12     | Reached skill level 10 in Fighting
 26095 | Orc:1    | Entered Level 1 of the Orcish Mines
 26334 | Orc:1    | Noticed Urug
 26348 | Orc:1    | Killed Urug
 26348 | Orc:1    | Received a gift from Okawaru
 26357 | Orc:1    | Reached skill level 19 in Unarmed Combat
 26868 | Orc:2    | Entered Level 2 of the Orcish Mines
 27098 | Orc:2    | Noticed Snorg
 27346 | Orc:2    | Found a staircase to the Elven Halls.
 27347 | Orc:2    | Found Koff's General Store.
 27348 | Orc:2    | Noticed an orc warlord
 27524 | Orc:2    | Killed Snorg
 27720 | Orc:1    | Killed an orc warlord
 27720 | Orc:1    | Received a gift from Okawaru
 27841 | Orc:2    | Found Vimoat's Antique Armour Emporium.
 27850 | Orc:2    | Bought a heavily runed large shield for 237 gold pieces
 27864 | Orc:2    | Identified the +4 large shield "Natt" {Str+5 Stlth-} (You bought it in a shop on level 2 of the Orcish Mines)
 27989 | Orc:2    | Bought a potion of berserk rage for 70 gold pieces
 28174 | Orc:2    | Found Mannoluf's Jewellery Shop.
 28187 | Orc:2    | Bought an uncursed ring of protection from cold for 275 gold pieces
 28254 | Orc:2    | Identified a scroll of acquirement
 28403 | Orc:2    | Found Toeck's Antique Weapon Shoppe.
 28811 | D:13     | Noticed Josephine
 28830 | D:13     | Killed Josephine
 28830 | D:13     | Reached skill level 15 in Dodging
 28985 | D:13     | Gained mutation: Your tail ends in a poisonous barb. [mutagenic meat]
 29012 | D:13     | Noticed Azrael
 29047 | D:13     | Killed Azrael
 29078 | D:13     | Lost mutation: Your tail ends in a poisonous barb. [potion of mutation]
 29734 | D:14     | Noticed Gruesome's ghost (journeyman DsMo)
 29771 | D:14     | Killed Gruesome's ghost
 29804 | D:14     | Noticed AmuletOfHam's ghost (journeyman MiBe)
 29821 | D:14     | Killed AmuletOfHam's ghost
 29821 | D:14     | Received a gift from Okawaru
 29829 | D:14     | Found a shimmering altar of Xom.
 29997 | D:14     | Found a shimmering altar of Xom.
 29998 | D:14     | Found a shimmering altar of Xom.
 29998 | D:14     | Found a shimmering altar of Xom.
 30024 | D:14     | Found a shimmering altar of Xom.
 30408 | D:14     | Found a gate to the Vaults.
 30533 | D:14     | Found a shimmering altar of Xom.
 30588 | D:14     | Reached XP level 16. HP: 133/136 MP: 16/16
 30887 | D:15     | Entered Level 15 of the Dungeon
 30899 | D:15     | Received a gift from Okawaru
 31003 | D:15     | Learned a level 6 spell: Deflect Missiles
 31010 | D:15     | Learned a level 6 spell: Haste
 31262 | D:15     | Reached skill level 1 in Air Magic
 31862 | D:15     | Reached skill level 1 in Charms
 31873 | D:15     | Reached skill level 1 in Spellcasting
 31927 | D:15     | Gained mutation: You have razor-sharp toenails. [mutagenic meat]
 31928 | D:15     | Gained mutation: You are extremely resistant to the effects of hostile enchantments. [mutagenic meat]
 32045 | D:15     | Found a staircase to the Depths.
 32074 | Depths:1 | Entered Level 1 of the Depths
 32581 | Shoals:1 | Entered Level 1 of the Shoals
 32600 | Shoals:1 | Noticed a kraken
 32633 | Shoals:1 | Killed a kraken
 32936 | Shoals:1 | Noticed Louise
 32968 | Shoals:1 | Killed Louise
 33198 | Shoals:1 | Found Ohej's Jewellery Emporium.
 33238 | Shoals:1 | Killed from afar by a water nymph

Vault maps used:
D:1:      minmay_arrival_up_and_down
D:2:      kiku_gazebo_pond_becter, dk_noncrumbling_4, grunt_decor_fettered,
          uniq_robin
D:3:      portal_sewer_entry_d
D:4:      lemuel_round_altar, first_bread
D:5:      minmay_overflow_temple_star_quad, lemuel_temple_firewalk,
          uniq_prince_ribbit1
D:6:      amethyst_overflow_temple_binary, kennysheep_mini,
          minmay_fire_ice_demons, uniq_edmund
D:7:      serial_shops, shop, shop, shop, nicolae_shop_stone
D:8:      due_lair_maze_entry_diamond
D:9:      grunt_pizzeria, uniq_maurice
D:10:     serial_shops, shop, uniq_sonja, uniq_harold
D:11:     portal_ice_cave_entry_ice_beasts, kennysheep_windowed_goal
D:12:     zombieorc1_lemuel
D:13:     nicolae_looking_at_the_future, uniq_josephine, uniq_azrael
D:14:     david_vaults_2, special_room, xom_redecorated
D:15:     grunt_enter_depths_hoard, minmay_misc_feat_roman
Temple:   nicolae_temple_x_marks_the_god
Lair:2:   nicolae_volcano_entry_vermiform, bh_autumn_forest_stairs
Lair:3:   wad_woods_structure_01, uniq_nergalle
Lair:4:   spider_nest_entry_web_field, serial_bayou_ford_a, wad_woods_road_05
Lair:5:   beast_lair_carwin_large_1, grunt_forest_stairs_basic, uniq_rupert
Lair:6:   elwin_shoals_entry_rooms, basic_altar
Lair:8:   guppyfry_lair_end_dragon, hangedman_lair_caniforms_friends,
          minmay_slime_entry_pillars, serial_bayou_lagoon_a, uniq_kirke
Shoals:1: serial_shops, nicolae_shop_waterfront,
          nicolae_shoals_stone_sculpture_thing,
          nicolae_shoals_kraken_intersection, uniq_louise
Orc:1:    nicolae_orc_pool_cavern, mines4_lemuel, uniq_urug
Orc:2:    grunt_orc_gardens, grunt_orc_garden, grunt_orc_garden,
          grunt_orc_garden, grunt_orc_garden, uniq_snorg
Depths:1: hell_entry, serial_shops, nicolae_shop_statue_plus,
          nicolae_shop_stone, shop, nicolae_shop_competitors_out_of_business,
          shop, interstate_on_off, lemuel_nasty_fountain, grunt_megastairs_1,
          serial_bayou_shore_b, serial_bayou_shore_b, uniq_norris
Sewer:    sewer_co_tree
IceCv:    ice_cave_caverns_01
Volcano:  volcano_aerie

Skill      XL: |  1  2  3  4  5  6  7  8  9 10 11 12 13 14 15 16 |
---------------+-------------------------------------------------+-----
Unarmed Combat | 3 4 5 6 7 9 11 13 14 15 16 17 18 19 | 19.9
Dodging        | 4 7 9 11 12 14 15 | 15.8
Fighting       | 5 6 7 9 10 11 | 11.0
Shields        | 4 |  4.0
Air Magic      | 4 |  4.4
Charms         | 1 |  1.0
Spellcasting   | 3 |  3.2

Action                   |  1- 3 |  4- 6 |  7- 9 | 10-12 | 13-15 | 16-18 || total
-------------------------+-------+-------+-------+-------+-------+-------++-------
Melee: Unarmed           |   184 |   211 |   467 |   905 |  2311 |   409 ||  4487
       Tailslap          |    23 |    28 |    62 |   208 |   532 |   107 ||   960
       Kick              |       |       |    57 |   446 |   840 |    38 ||  1381
       Bite              |       |       |       |   154 |   424 |    88 ||   666
Invok: Heroism           |       |       |     2 |    14 |    18 |     1 ||    35
       Finesse           |       |       |       |     1 |       |       ||     1
 Abil: Breathe Steam     |       |       |     6 |     7 |       |       ||    13
Evoke: Wand              |       |       |       |    15 |       |       ||    15
  Use: Scroll            |       |     4 |     6 |     7 |    13 |       ||    30
       Potion            |       |       |     1 |     3 |     6 |       ||    10
 Stab: Sleeping          |     1 |       |     1 |     5 |     5 |       ||    12
       Invisible         |       |       |       |     6 |     2 |       ||     8
       Petrified         |       |       |       |     4 |     7 |       ||    11
       Distracted        |       |       |       |       |     7 |       ||     7
  Eat: Chunk             |     2 |     7 |    21 |    29 |    55 |    10 ||   124
       Beef jerky        |       |       |     1 |       |       |       ||     1
       Royal jelly       |       |       |       |     2 |       |       ||     2
       Pizza             |       |       |       |       |     1 |     1 ||     2
Armor: Skin              |    47 |    45 |   101 |    74 |   229 |    66 ||   562
Dodge: Dodged            |    70 |    40 |   181 |   478 |  1593 |   439 ||  2801
Block: Shield            |    89 |    76 |   136 |       |       |       ||   301
       Buckler           |       |       |    14 |   120 |   394 |   100 ||   628
